 Dungeon Crawl Stone Soup version 0.31-a0-1172-g9944ec47dd (webtiles) character file.

Game seed: 7124640413056579647

29 Zonian the Ruffian (level 2, -6/22 HPs)
             Began as a Demigod Shapeshifter on Dec 10, 2023.
             Mangled by Terence
             ... wielding a +0 short sword
              (7 damage)
             ... on level 2 of the Dungeon.
             The game lasted 00:03:12 (1455 turns).

Zonian the Ruffian (Demigod Shapeshifter)           Turns: 1455, Time: 00:03:13

Health: -6/22      AC:  2    Str: 21    XL:     2   Next: 81%
Magic:  4/4        EV: 12    Int: 12    God:
Gold:   68         SH:  0    Dex: 13    Spells: 1/1 levels left

rFire   . .          .
                       - Unarmed
rCold   . . .        (no shield)
rNeg    . . .        a - +0 animal skin
rPois   .            (helmet currently unavailable)
rElec   .            (cloak currently unavailable)
rCorr   .            (gloves currently unavailable)
SInv    .            (boots currently unavailable)
Will    +....        (no amulet)
Stlth   +            g - +6 ring of strength
HPRegen 0.23/turn    p - ring of willpower
MPRegen 0.09/turn

%: no passive effects
@: beast-form
A: beast (slay +1), high MP 1, forlorn, divine attributes
a: Begin Untransformation


You were on level 2 of the Dungeon.
You were a hulking beast.
You visited 1 branch of the dungeon, and saw 2 of its levels.

You collected 68 gold pieces.


Innate Abilities, Weirdness & Mutations

You are a hulking beast.
Your limbs bulge with bestial killing power. (Slay +1)
You have an increased reservoir of magic. (+10% MP)
You shall have no god before yourself.
Your divine heritage dramatically boosts your attributes as you level up.


   Skills:
 - Level 0.8 Fighting
 - Level 1.7 Dodging
 + Level 3.3 Unarmed Combat
 + Level 3.2 Shapeshifting


You had one spell level left.
You didn't know any spells.
Your spell library contained the following spells:

 Spells                   Type           Power      Damage    Failure   Level
 Summon Small Mammal      Summ           0%         N/A       32%         1
 Call Canine Familiar     Summ           0%         N/A       69%         3
 Summon Guardian Golem    Hex/Summ       0%         N/A       69%         3

Inventory:

Hand Weapons
 e - a +0 club {mace}
   (You took it off a goblin on level 1 of the Dungeon)
 f - a +0 dagger {short}
   (You took it off a goblin on level 1 of the Dungeon)
 k - a +0 club {mace}
   (You took it off a goblin on level 2 of the Dungeon)
 l - a +0 sling
   (You took it off a goblin on level 2 of the Dungeon)
Armour
 a - a +0 animal skin (worn)
Jewellery
 g - a +6 ring of strength (left hand)
   (You found it on level 1 of the Dungeon)
 n - an amulet of faith {!P}
   (You found it on level 2 of the Dungeon)
 p - a ring of willpower (right hand)
   (You found it on level 2 of the Dungeon)
Talismans
 c - a beast talisman
 d - a flux talisman
Scrolls
 i - a scroll of enchant weapon {unknown}
 j - a scroll of fog {unknown}
 m - a scroll of blinking {unknown}
Potions
 b - a potion of lignification {!q}
 h - a potion of berserk rage {unknown}
 o - a potion of curing {unknown}

Dungeon Overview and Level Annotations

Branches:
Dungeon (2/15) Zot: 10547

Shops:
D:1 ([[

Annotations:
D:2 Natasha, Terence

# #.# #.# #.# ####### #
#.# #.....# #+ ## #.#
#.###.# .. .## #.###.#
#.# .. ..## #.#.#.###.# #
..
...###.......#.######...#
..
...'........(...h@.......
..
...####....#.#.####......
.. ..## ##.#.....# .....
.. .## #####.### .... ..
## ###.# @.. .. # #...#
.# #+ #.### # #. #.# #. #
#.# #########.


You could see Terence.


Message History

There is a stone staircase leading up here.
Unknown command.
Key pressed, stopping explore.
The rat squeaks loudly.
The rat bites you.
You see here a scroll labelled SUODACW JUIRA. 😕 HP[-2]
You take 2 damage, and now have 20/22 hp.
You punch the rat!
You kill the rat! 😕 HP[+1] No target in view!
No target in view!
m - a scroll labelled SUODACW JUIRA
There are no items here. 😎 HP[+1]
Your hp is fully restored (22).
n - an amulet of faith {!P} Key pressed, stopping explore.
A hobgoblin comes into view.
The hobgoblin shouts!
You hit the hobgoblin. The hobgoblin hits you. 😕 HP[-3]
You take 3 damage, and now have 19/22 hp.
You hit the hobgoblin.
You kill the hobgoblin! 😕 HP[+1] No target in view!
You see here a hobgoblin corpse.
o - a ruby potion 😎 HP[+2]
Your hp is fully restored (22).
Found a stone staircase leading down.
You open the door.
There is an open door here.
You now have 51 gold pieces (gained 6).
Key pressed, stopping explore.
You now have 61 gold pieces (gained 10).
You now have 68 gold pieces (gained 7).
You open the door.
There is an open door here.
p - a ring of willpower
p - a ring of willpower (right hand) Unknown command.
You open the door.
There is an open door here.
A giant cockroach comes into view.
A giant cockroach is nearby!
Unknown command.
The giant cockroach barely misses you.
You hit the giant cockroach.
You kill the giant cockroach!
No target in view!
No target in view!
Unknown command.
You open the door.
There is an open door here.
Key pressed, stopping explore.
You see here 3 javelins {throwing}.
A quokka comes into view.
Terence the Incautious comes into view.
He is wielding a +0 short sword.
Terence shouts!
Terence looks scornfully at you.
You punch the quokka!
You kill the quokka!
Terence screams, "I'm going to kill you!"
Unknown command.
Okay, then.
You hit Terence.
Terence hits you with a +0 short sword. 😕 HP[-3]
You take 3 damage, and now have 19/22 hp.
You hit Terence.
Terence hits you with a +0 short sword. 😮 HP[-4]
You take 4 damage, and now have 15/22 hp.
You hit Terence. Your punch misses Terence.
Terence hits you with a +0 short sword.
* * * LOW HITPOINT WARNING * * *
😨 HP[-6]
You take 6 damage, and now have 9/22 hp.
MASSIVE DAMAGE!! (PAUSE)
You hit Terence. Terence misses you. 😨 HP[+1]
You hit Terence. Terence barely misses you.
You barely miss Terence. You hit Terence.
Terence hits you with a +0 short sword.
* * * LOW HITPOINT WARNING * * *
😨 HP[-2]
You take 2 damage, and now have 8/22 hp.
You hit Terence. Terence hits you with a +0 short sword.
* * * LOW HITPOINT WARNING * * *
😨 HP[-2]
You take 2 damage, and now have 6/22 hp.
You hit Terence but do no damage. Terence hits you with a +0 short sword.
* * * LOW HITPOINT WARNING * * *
😱 HP[-5]
You take 5 damage, and now have 1/22 hp.
MASSIVE DAMAGE!! (PAUSE)
You barely miss Terence. Terence hits you with a +0 short sword!
You die...
Terence says, "That felt goooood."

Skill      XL: |  1  2 |
---------------+-------+-----
Unarmed Combat | 3 |  3.3
Shapeshifting  | 3 |  3.2
Fighting       | |  0.8
Dodging        | |  1.7

Action                     || total
---------------------------++-------
  Melee: Unarmed           ||    51
 Armour: Animal skin       ||    28
  Dodge: Dodged            ||    25

Levels and vault maps discovered:
D:1:      saegor_arrival_simple_e, layout_loops_ring, serial_shops,
          nicolae_shop_real_fake_doors, nicolae_shop_window_shopping,
          nicolae_shop_crystal
D:2:      layout_loops_corners, uniq_terence, uniq_natasha

Notes
Turn   | Place    | Note
-------+----------+-------------------------------------------
     0 | D:1      | Zonian the Demigod Shapeshifter began the quest for the
                  | Orb.
     0 | D:1      | Reached XP level 1. HP: 15/15 MP: 3/3
     0 | D:1      | magus.rc [v1.9.6]
   186 | D:1      | Found Diam's Antique Armour Shop.
   233 | D:1      | You fall into a shaft and drop 1 floor!
   248 | D:2      | Noticed Natasha
   396 | D:2      | Reached skill level 3 in Unarmed Combat
   396 | D:2      | Reached XP level 2. HP: 22/22 MP: 4/4
   420 | D:2      | You pick up a book of Callings and begin reading...
   420 | D:2      | You add the spells Summon Small Mammal, Call Canine
                  | Familiar and Summon Guardian Golem to your library.
   457 | D:2      | Reached skill level 3 in Shapeshifting
   693 | D:1      | Found Leextu's Antique Weapon Shoppe.
   804 | D:1      | Found Cehel's Armour Shoppe.
  1439 | D:2      | Noticed Terence
  1454 | D:2      | HP: 1/22 [Terence/+0 short sword (6)]
  1455 | D:2      | Mangled by Terence

Vanquished Creatures
  An adder (D:2)
  A worm (D:2)
  An endoplasm (D:1)
  A giant cockroach (D:2)
  3 goblins
  2 hobgoblins
  A kobold (D:2)
  2 quokkas
  2 ball pythons (D:1)
  A frilled lizard (D:1)
  2 rats
17 creatures vanquished.

Table legend:
 A = Non-vault XP
 B = Vault XP
 C = Vault XP percentage of total XP
 D = Non-vault monster count
 E = Vault monster count
 F = Vault count percentage of total count
                 A         B        C        D         E       F
            +---------+---------+-------+---------+---------+-------
      Total |      42 |       0 |   0.0 |      17 |       0 |   0.0
            +---------+---------+-------+---------+---------+-------
        D:1 |      14 |       0 |   0.0 |       9 |       0 |   0.0
        D:2 |      28 |       0 |   0.0 |       8 |       0 |   0.0
            +---------+---------+-------+---------+---------+-------

Skill      XL: |  1  2 |
---------------+-------+-----
Unarmed Combat | 3 |  3.3
Shapeshifting  | 3 |  3.2
Fighting       | |  0.8
Dodging        | |  1.7

Action                     || total
---------------------------++-------
  Melee: Unarmed           ||    51
 Armour: Animal skin       ||    28
  Dodge: Dodged            ||    25

Illustrated notes

Table legend:
 A = Kills in this place as a percentage of kills in the entire game.
 B = Kills by you in this place as a percentage of kills by you in the entire game.
 C = Kills by friends in this place as a percentage of kills by friends in the entire game.
 D = Other kills in this place as a percentage of other kills in the entire game.
 E = Experience gained in this place as a percentage of experience gained in the entire game.
 F = Experience gained in this place divided by the number of levels of this place that you have seen.
                   A       B       C       D       E      F
               +-------+-------+-------+-------+-------+----------------------
         Total | 100.0 | 100.0 |   N/A |   N/A | 100.0 |  21.0
       Dungeon | 100.0 | 100.0 |   N/A |   N/A | 100.0 |  21.0
               +-------+-------+-------+-------+-------+----------------------

Table legend: (Time is in decaauts)
 A = Elapsed time spent in this place.
 B = Non-inter-level travel time spent in this place.
 C = Inter-level travel time spent in this place.
 D = Time resting spent in this place.
 E = Time spent auto-exploring this place.
 F = Levels seen in this place.
 G = Mean time per level.
                   A        B        C        D        E       F      G
               +--------+--------+--------+--------+--------+-----+--------+
         Total |   1451 |   1424 |     27 |    252 |    966 |   2 |  725.5 |
       Dungeon |   1451 |   1424 |     27 |    252 |    966 |   2 |  725.5 |
               +--------+--------+--------+--------+--------+-----+--------+

Top non-repeatable levels by time:
     D:1: 845 daAuts
     D:2: 605 daAuts
